[Event "EICC 2025"]
[Site "Eforie-Nord"]
[Date "2025.03.16"]
[Round "2.40"]
[White "Nedelcu, Teodor-Cosmin"]
[Black "Bartel, Mateusz"]
[Result "0-1"]
[Annotator "TA"]
[ECO "B07"]
[WhiteElo "2291"]
[BlackElo "2621"]
[PlyCount "82"]
[EventDate "2025.03.14"]
[EventType "swiss"]
[EventCountry "ROU"]
[SourceTitle "playchess.com"]
[Source "ChessBase"]
[SourceQuality "1"]
[TimeControl "40/5400+30:1800+30"]

1. d4 d6 2. e4 Nf6 3. Nd2 g6 4. Bd3 Bg7 5. Ne2 Nc6 6. c3 {[%emt 0:02:26] B07: Pirc Defence: Miscellaneous Systems.} e5 7. h3 O-O 8. O-O {[%emt 0:00:27] The position is equal.} d5 9. dxe5 Nxe5 10. Bc2 c6 $146 (10... Nxe4 11. Nxe4 dxe4 12. Bxe4 Qh4 13. Qc2 c6 14. Bf4 f5 15. Bd3 Nxd3 16. Qxd3 Be6 {½-½ Rey Martinez,J (2039)-Lozano Freras,S (1975) Alcorcon Diagonal op 1st 2022 (7)}) 11. f4 Ned7 12. e5 Ne8 13. Nf3 f6 (13... Qe7 $142) 14. f5 (14. e6 $16) 14... Nxe5 $11 15. Nxe5 fxe5 16. fxg6 Rxf1+ {[%emt 0:01:33] A sharp opening} 17. Qxf1 hxg6 {[%emt 0:00:02] Successful Defense Black} 18. Bxg6 Nd6 {[%emt 0:00:03] Repels Qf7+} 19. Be3 (19. Ng3 {simplifies} Qf6 20. Qxf6 Bxf6 21. Nh5) 19... Be6 20. Qf3 Qh4 21. Bc5 Qh6 22. Qd3 Nc4 23. Qg3 b6 $1 24. Bf2 {[%emt 0:00:11][%cal Bc5f2,Bf2e3,Be3g5][%mdl 32] and b3 should not be overlooked} Rf8 (24... Nxb2 25. Be3 Qh8 26. Rf1 $16) 25. b3 Rf6 $1 26. Be8 (26. Bc2 $15 Nd6 27. Be3 (27. Qxe5 $2 Rxf2 28. Qxd6 Rxg2+ 29. Kf1 Qxh3 $19)) 26... Nd6 $1 $19 27. Be3 {[%emt 0:00:15] [#]} Qh7 $36 {[%emt 0:06:30][%mdl 2048] Keeping White busy. Some like it hot} 28. Bxc6 {[%emt 0:03:53][%cal Og3e1] [#]} Qe4 $2 (28... Ne4 $1 $19 29. Qh2 (29. Qxe5 $2 Rf1+ 30. Rxf1 Bxe5 $19) 29... Qh4) 29. Bg5 $1 $11 Rg6 30. Nd4 exd4 $19 31. Qxd6 dxc3 {[%emt 0:01:32][%cal Og7e5] ...Be5! is the strong threat.} (31... Rxg5 32. Qd8+ Kh7 33. Qxg5 $11) 32. Qd8+ $2 (32. Qf4 c2 33. Qxe4 dxe4 34. Bxe4 Rxg5 (34... Bd4+ $2 35. Kh1 $19) 35. Rc1) 32... Kh7 33. Be8 Bd4+ 34. Kh1 Rg7 35. Bh5 Bxh3 36. Bf3 Qf5 37. Bxd5 Rxg5 ({Weaker is} 37... Qxg5 38. Be4+ Bf5 39. Bxf5+ Qxf5 40. Qh4+ Kg6 41. Qxd4 $17) 38. Qe7+ Kh6 39. Qd6+ Qf6 (39... Rg6 $142 40. Qh2 Qxd5 (40... c2 $2 41. Re1 $19) 41. Qxh3+ Kg7 (41... Qh5 $2 42. Rc1 $19) 42. Kh2 c2 (42... Rh6 $2 43. g3 $19) 43. Rc1 Be5+ (43... Rh6 44. Rxc2 Be5+ 45. g3 Rxh3+ 46. Kxh3 Qh1+ 47. Kg4 Kg6 48. Rh2 Qe4+ 49. Kh3 Qf3 50. Kh4 Qxg3#) 44. Kg1 Qd1+ 45. Rxd1 cxd1=Q+ 46. Kf2 Bd4+ 47. Qe3 Qd2+ (47... Bxe3+ 48. Kxe3 Re6+ 49. Kf4 Qf1+ 50. Kg3 Rg6+ 51. Kh4 Qh1#) (47... Qd3 48. Qxd4+ Qxd4+ 49. Kf1 Rf6+ 50. Ke2 Rf2+ 51. Ke1 Qd2#) 48. Kf1 Bxe3 49. a4 Rf6#) 40. Qxf6+ Bxf6 {[%emt 0:00:03] A strong pair of Bishops.} 41. Rf1 Rf5 {[%emt 0:31:13] Weighted Error Value: White=0.98/Black=0.28 (precise)   Loses game:     	White=1     	---        Mistake:       	White=3     	Black=2      Inaccurate:     	White=3     	Black=3      OK:         	White=8     	Black=13     Best:        	White=3     	Black=2      Strong:       	White=1     	Black=3} (41... Rxd5 $142 42. Rxf6+ Kg5 43. Rf3 c2 (43... Rd1+ $2 44. Kh2 $19) 44. Rc3 Rd1+ 45. Kh2 Bf5 (45... c1=R $2 46. Rxh3 Rh1+ 47. Kg3 $19) (45... c1=Q $2 46. Rxc1 Rxc1 47. Kxh3 $19) 46. Rxc2 Bxc2 47. Kg3 a5 (47... Rd3+ $2 48. Kf2 $19) 48. Kf3 Ra1 49. Ke3 Rxa2 (49... Re1+ $2 50. Kd2 $19) 50. Kd4 Bxb3 51. Kc3 Bf7 52. Kd4 Rb2 (52... Rxg2 {is a self mate.} 53. Kd3 Rg3+ 54. Ke4 a4 55. Ke5 Rd3 56. Ke4 Bc4 57. Ke5 a3 58. Ke4 a2 59. Ke5 a1=Q+ 60. Ke4 Qe1#) 53. Ke5 a4 (53... Rxg2 54. Ke4 Rg4+ 55. Ke5 Rg2 56. Kd4 a4 57. Ke5 a3 58. Kd6 Rc2 59. Ke7 a2 60. Kxf7 a1=Q 61. Ke8 Qg7 62. Kd8 Kf4 63. Ke8 Rc8#) 54. Kd6 a3 (54... Rxg2 55. Ke5 a3 56. Kd6 a2 57. Kd7 a1=Q 58. Kd6 Rc2 59. Ke7 Qa7+ 60. Kf8 Rc8+ 61. Kg7 Bh5#) 55. g3 a2 56. Kd7 a1=Q (56... a1=B $2 57. Kc7 $19) 57. Kd6 Qa3+ 58. Kc7 Qa7+ (58... Qxg3+ 59. Kb7 Bd5+ 60. Kc8 Rh2 61. Kd7 Rh7+ 62. Ke8 Qb8#) 59. Kc8 Rh2 60. Kd8 Rh8#) 0-1

[Event "EICC 2025"]
[Site "Eforie-Nord"]
[Date "2025.03.16"]
[Round "2.41"]
[White "Kourkoulos-Arditis, Stamatis"]
[Black "Pancevski, Filip"]
[Result "1-0"]
[Annotator "ChessBase"]
[ECO "C42"]
[WhiteElo "2580"]
[BlackElo "2421"]
[PlyCount "88"]
[EventDate "2025.03.14"]
[EventType "swiss"]
[EventCountry "ROU"]
[SourceTitle "playchess.com"]
[Source "ChessBase"]
[SourceQuality "1"]
[TimeControl "40/5400+30:1800+30"]

1. e4 e5 2. Nf3 Nf6 3. Nxe5 d6 4. Nf3 Nxe4 5. d4 d5 6. Bd3 Be7 7. O-O Bf5 8. c4 Nc6 9. Nc3 Nxc3 10. bxc3 Bxd3 11. Qxd3 O-O 12. Re1 Re8 13. Bf4 dxc4 14. Qxc4 Bd6 15. Ng5 Qf6 16. Bxd6 cxd6 17. Ne4 Qg6 18. Qd5 Re7 19. Re3 Rd8 20. Rae1 h6 21. h3 Kh8 22. Ng3 Rxe3 23. Rxe3 Rd7 24. Nf5 Qf6 25. Re8+ Kh7 26. Qe4 d5 27. Qg4 Rd8 28. Rxd8 Nxd8 29. Ne3 g6 30. Qd7 Qb6 31. Nxd5 Qa5 32. g3 Kg7 33. Nf4 Nc6 34. d5 Ne5 35. Qxb7 Qxc3 36. d6 Qc6 37. Ne6+ Kh7 38. Qxc6 Nxc6 39. Nc5 Kg7 40. f4 f5 41. Kf2 Nd8 42. Ke3 Nf7 43. Nb7 Kf6 44. Kd4 Ke6 1-0

[Event "EICC 2025"]
[Site "Eforie-Nord"]
[Date "2025.03.16"]
[Round "2.42"]
[White "Raczek, Krzysztof"]
[Black "Jobava, Baadur"]
[Result "0-1"]
[Annotator "ChessBase"]
[ECO "D12"]
[WhiteElo "2428"]
[BlackElo "2578"]
[PlyCount "54"]
[EventDate "2025.03.14"]
[EventType "swiss"]
[EventCountry "ROU"]
[SourceTitle "playchess.com"]
[Source "ChessBase"]
[SourceQuality "1"]
[TimeControl "40/5400+30:1800+30"]

1. d4 d5 2. c4 c6 3. Nf3 Nf6 4. e3 Bf5 5. Nc3 e6 6. Nh4 g6 7. f3 h5 8. g3 Bh6 9. Bg2 dxc4 10. e4 Bxc1 11. Rxc1 g5 12. Nxf5 exf5 13. Qd2 h4 14. Qxg5 Na6 15. Qxf5 Rh5 16. Qf4 hxg3 17. hxg3 Nb4 18. Rd1 Nd3+ 19. Rxd3 Rxh1+ 20. Bxh1 cxd3 21. d5 cxd5 22. e5 Nd7 23. b4 Qb6 24. Kf1 Rc8 25. Nxd5 Qe6 26. Qd4 Qxe5 27. Qxd3 Rc1+ 0-1

[Event "EICC 2025"]
[Site "Eforie-Nord"]
[Date "2025.03.16"]
[Round "2.43"]
[White "Yilmaz, Mustafa"]
[Black "Neverov, Valeriy"]
[Result "1-0"]
[Annotator "TA"]
[ECO "D37"]
[WhiteElo "2576"]
[BlackElo "2418"]
[PlyCount "249"]
[EventDate "2025.03.14"]
[EventType "swiss"]
[EventCountry "ROU"]
[SourceTitle "playchess.com"]
[Source "ChessBase"]
[SourceQuality "1"]
[TimeControl "40/5400+30:1800+30"]

1. d4 Nf6 2. c4 e6 3. Nf3 d5 4. Nc3 Be7 5. Bf4 O-O 6. e3 Nbd7 7. c5 Nh5 8. Bd3 {[%emt 0:00:07] D37: Queen's Gambit Declined: 5 Bf4.} Nxf4 9. exf4 c6 10. O-O {[%emt 0:00:07] The position is equal.} b6 11. b4 a5 12. a3 Ba6 13. Ne2 Qc8 14. Re1 $146 (14. Rb1 axb4 15. axb4 Bc4 16. Nc1 Ra3 17. Qc2 Qa6 18. Bxh7+ Kh8 19. Re1 g6 20. Rxe6 fxe6 21. Qxg6 {1-0 Sturt,R (2494)-Raja,H (2459) Banja Vrujci GM-3 2021 (1)}) 14... Bf6 15. Rb1 axb4 16. axb4 Bc4 17. h4 Ra3 18. Bxc4 dxc4 19. Ng3 (19. Qc1 $5 Qa6 20. f5 $11) 19... Rd8 20. Qc1 Rxf3 21. gxf3 b5 22. h5 h6 23. Ra1 Bxd4 24. Ra7 Qb8 (24... Nf6 $1 $15 25. Rd1 Rd5) 25. Ra6 $11 Bxc5 26. bxc5 Nxc5 27. Ra1 (27. Rxc6 $11 {remains equal.} Nd3 28. Qe3) 27... Nd3 $17 28. Qe3 Nxe1 (28... Qxf4 29. Qxf4 Nxf4 30. Re4 $18) 29. Rxe1 Rd3 (29... b4 $17 {...c3 is the strong threat.} 30. f5 Qd6) 30. Qe4 $11 Qd6 {[%emt 0:01:04] [#]} 31. f5 Rd1 32. Rxd1 Qxd1+ 33. Kg2 Qd5 34. fxe6 fxe6 35. Qg6 Kf8 36. Qb1 c3 37. Qb4+ c5 38. Qxc3 b4 39. Qc1 b3 40. Ne4 c4 41. Qc3 Qb5 42. Qd2 Kg8 43. Qd8+ Kh7 44. Qc7 {[%emt 0:00:23] [#]} Kg8 45. Qc8+ (45. Nc5 $5 Qe8 $8 46. Qe5 $16) 45... Kh7 46. Qc7 Kg8 47. Nc5 Qe8 48. Qe5 Qe7 49. Ne4 Qd7 $1 50. Qb8+ Kh7 51. Qb4 Qd4 52. Nd2 b2 53. Nxc4 (53. Qxc4 $2 Qxc4 (53... Qxd2 54. Qe4+ Kg8 55. Qxe6+ Kf8 56. Qc8+ Ke7 57. Qb7+ Kf6 58. Qc6+ Ke7 59. Qb7+ Ke6 60. Qb6+ Ke7 61. Qb7+ $11) 54. Nxc4 b1=Q $19 (54... b1=B 55. Nd6 $11)) 53... Qxc4 54. Qxc4 b1=Q {[%emt 0:00:07] Repels Qc2+} 55. Qxe6 {[%emt 0:00:32][%mdl 4096] Endgame KQ-KQ. White is a pawn up.} Qb5 56. Qg4 Kg8 57. Qe6+ Kh8 58. Qg6 Qe5 59. Qg4 Qa5 60. Qc8+ Kh7 61. Qc2+ Kh8 62. Qc8+ Kh7 63. Qg4 Kh8 64. Kh3 Qc5 65. Kg3 Qc3 66. Qf5 Qa3 67. Qe5 Kg8 68. Qe8+ Kh7 69. Qe4+ Kh8 70. Qd5 Qc3 71. Qa8+ Kh7 72. Qe4+ Kg8 73. Qd5+ Kh8 74. Kg2 Qf6 75. Qa8+ Kh7 76. Qe4+ g6 77. Kh3 Kg7 78. hxg6 Qxg6 79. Qg4 h5 80. Qd4+ Qf6 81. Qd5 Kh6 82. Qe4 Qg5 83. Qe3 Kg6 84. Qe8+ Kg7 85. Qe3 Kg6 86. Qe4+ Kg7 87. Qe6 Qf6 88. Qe3 Kg6 89. Qe4+ Qf5+ 90. Kh4 Kf6 91. Qc6+ Kg7 92. Qc7+ Kh6 93. Qd6+ Kh7 94. Qg3 $1 Qf6+ ({Black should try} 94... Qc5 $1 $14 95. Qh2 Qf5) 95. Qg5 $1 $18 Qb2 96. Qxh5+ Kg7 97. Qg5+ Kf7 98. Kg3 Qa1 99. Kg2 {[%emt 0:00:21] Inhibits Qg1+.} Qb2 100. Qf5+ Kg7 101. Qe4 Kf7 102. Qd5+ Kg7 103. f4 Qc1 104. Qe5+ Kf7 105. Qd5+ Kg7 $1 106. Kg3 Qg1+ 107. Qg2 Qc1 108. Kh4+ Kf7 (108... Kf6 {was necessary.}) 109. Qd5+ Kg7 110. Qe5+ Kf7 111. Qf5+ Kg7 112. Qe4 Kf7 113. f5 Qf1 114. Qe6+ Kf8 115. Qf6+ Ke8 116. Qg6+ Kf8 117. Qf6+ Ke8 $1 118. Qc6+ Kf7 119. Qd5+ Kf8 120. Qf3 Kf7 121. Qb3+ Ke7 122. Qg3 {[%emt 0:00:32] Hoping for Kg5.} Qc4+ $2 (122... Qa1 123. Kh5 Qh8+ 124. Kg4 Qg7+ 125. Kf3 Qc3+ 126. Kg2 Qf6 127. Qc7+ Kf8) 123. Kh5 {[%emt 0:00:32] Intending Qh4+ and mate.} Kf8 124. Qd6+ Kg7 125. Qg6+ {[%emt 0:00:09] Weighted Error Value: White=0.06 (flawless) /Black=0.06 (flawless)   Mistake:       	White=1     	Black=5      Inaccurate:     	White=2     	Black=4      OK:         	White=36    	Black=45     Best:        	White=5     	Black=15     Strong:       	White=2     	Black=3} 1-0

[Event "EICC 2025"]
[Site "Eforie-Nord"]
[Date "2025.03.16"]
[Round "2.44"]
[White "Pajeken, Jakob Leon"]
[Black "Sonis, Francesco"]
[Result "1/2-1/2"]
[Annotator "ChessBase"]
[ECO "B95"]
[WhiteElo "2427"]
[BlackElo "2570"]
[PlyCount "69"]
[EventDate "2025.03.14"]
[EventType "swiss"]
[EventCountry "ROU"]
[SourceTitle "playchess.com"]
[Source "ChessBase"]
[SourceQuality "1"]
[TimeControl "40/5400+30:1800+30"]

1. e4 c5 2. Nf3 d6 3. d4 cxd4 4. Nxd4 Nf6 5. Nc3 a6 6. Bg5 e6 7. Qf3 Nbd7 8. O-O-O Qc7 9. Qg3 b5 10. Bxb5 axb5 11. Ndxb5 Qb8 12. Nxd6+ Bxd6 13. Rxd6 O-O 14. Rhd1 Kh8 15. Bxf6 Nxf6 16. Rd8 Qb4 17. a3 Qe7 18. Rxf8+ Qxf8 19. Qc7 Ba6 20. e5 Nd5 21. Nxd5 exd5 22. Rxd5 Rc8 23. Qd6 Bb7 24. Qxf8+ Rxf8 25. Rd7 Bxg2 26. c4 g5 27. Kd2 Re8 28. Rxf7 Rxe5 29. b4 Kg8 30. Rc7 Rf5 31. Ke2 Re5+ 32. Kd3 Rf5 33. Ke2 Re5+ 34. Kd3 Rf5 35. Ke2 1/2-1/2

[Event "EICC 2025"]
[Site "Eforie-Nord"]
[Date "2025.03.16"]
[Round "2.45"]
[White "Gorshtein, Ido"]
[Black "Kuru, Atilla"]
[Result "1-0"]
[Annotator "ChessBase"]
[ECO "A13"]
[WhiteElo "2569"]
[BlackElo "2416"]
[PlyCount "109"]
[EventDate "2025.03.14"]
[EventType "swiss"]
[EventCountry "ROU"]
[SourceTitle "playchess.com"]
[Source "ChessBase"]
[SourceQuality "1"]
[TimeControl "40/5400+30:1800+30"]

1. c4 Nf6 2. Nf3 e6 3. g3 d5 4. Bg2 d4 5. d3 Nc6 6. O-O Bc5 7. Na3 O-O 8. Nc2 a5 9. Bg5 e5 10. Nd2 Be7 11. b3 h6 12. Bxf6 Bxf6 13. a3 Be7 14. Rb1 Nb8 15. b4 axb4 16. axb4 c6 17. b5 Qc7 18. bxc6 bxc6 19. f4 exf4 20. Rxf4 Ra2 21. Rf2 Nd7 22. Nxd4 Ne5 23. Ra1 Rb2 24. N2b3 Bg5 25. Kh1 Rd8 26. Rf1 Ng4 27. Qe1 c5 28. Qc3 cxd4 29. Qxb2 Ne3 30. Nd2 Nxf1 31. Rxf1 Be6 32. Rb1 h5 33. Ne4 Be3 34. Qb6 Qe7 35. Qc5 Qd7 36. Qb5 Qa7 37. Qxh5 Qa2 38. Rf1 Rb8 39. Qf3 Qa5 40. h4 Qe5 41. Nf2 f5 42. Nh3 g6 43. Ra1 Kg7 44. Ra7+ Kh6 45. Kh2 Rb2 46. Nf4 Bxf4 47. Qxf4+ Qxf4 48. gxf4 Rxe2 49. Re7 Re3 50. c5 Bd5 51. Re5 Bb3 52. Rxe3 dxe3 53. Kg3 Kg7 54. Bb7 Kf6 55. Kf3 1-0

[Event "EICC 2025"]
[Site "Eforie-Nord"]
[Date "2025.03.17"]
[Round "3.1"]
[White "Sarana, Alexey"]
[Black "Samunenkov, Ihor"]
[Result "1/2-1/2"]
[Annotator "TA"]
[ECO "D47"]
[WhiteElo "2689"]
[BlackElo "2556"]
[PlyCount "39"]
[EventDate "2025.03.14"]
[EventType "swiss"]
[EventCountry "ROU"]
[SourceTitle "playchess.com"]
[Source "ChessBase"]
[SourceQuality "1"]
[TimeControl "40/5400+30:1800+30"]

1. d4 d5 2. c4 c6 3. Nf3 Nf6 4. Nc3 e6 5. e3 Nbd7 6. Bd3 dxc4 7. Bxc4 b5 8. Be2 Bb7 9. O-O Be7 10. e4 b4 11. e5 bxc3 12. exf6 Nxf6 13. bxc3 O-O {[%emt 0:04:51] D47: Semi-Slav: Meran System.} 14. Rb1 $1 {[%emt 0:00:11] Inhibits c5.} Qc8 15. Qb3 Ba6 16. Bxa6 Qxa6 17. Ne5 Bd6 $1 18. Qc4 Qa5 19. Bf4 $146 ({Predecessor:} 19. Re1) 19... Nd5 20. Nxc6 {[%emt 0:56:55] Not much happened in this game.   Weighted Error Value: White=0.08 (flawless) /Black=0.07 (flawless)   Inaccurate:     	White=1     	Black=1      OK:         	White=3     	Black=2      Best:        	White=1     	---        Strong:       	White=1     	Black=1} 1/2-1/2

[Event "EICC 2025"]
[Site "Eforie-Nord"]
[Date "2025.03.17"]
[Round "3.1"]
[White "Kuzubov, Yuriy"]
[Black "Godena, Michele"]
[Result "1-0"]
[Annotator "TA"]
[ECO "D02"]
[WhiteElo "2603"]
[BlackElo "2439"]
[PlyCount "91"]
[EventDate "2025.03.14"]
[EventType "swiss"]
[EventCountry "ROU"]
[SourceTitle "playchess.com"]
[Source "ChessBase"]
[SourceQuality "1"]
[TimeControl "40/5400+30:1800+30"]

1. Nf3 d5 2. g3 Nd7 3. d4 Nb6 4. b3 Bf5 5. Nh4 Bg4 6. h3 {[%emt 0:00:28] D02: 1 d4 d5 2 Nf3 sidelines, including 2...Nf6 3 g3 and 2...Nf6 3 Bf4.} Bh5 7. Ng2 Bg6 8. Nf4 {[%emt 0:00:37] White has an edge.} Bf5 $146 (8... Be4 $5 9. f3 Bf5 $14) (8... e6 9. Bg2 Nf6 10. Nxg6 hxg6 11. Qd3 c5 12. dxc5 Bxc5 13. Bb2 Qe7 14. O-O O-O {0-1 Blohberger,F (2493)-Bacrot,E (2646) Bundesliga 2223 2022 (12.1)}) 9. Bg2 h6 10. O-O e6 11. Nd2 Nf6 12. Bb2 Bd6 13. e3 c6 14. Nd3 Qe7 15. a3 O-O {[%emt 0:01:48] The position is symmetric and equal} 16. Qe2 Nbd7 17. c4 e5 18. cxd5 cxd5 {[%emt 0:01:18] Black sacrificed a pawn} 19. Nxe5 Nxe5 20. dxe5 Bxe5 21. Bxe5 Qxe5 22. Nf3 Qc3 23. Rfc1 Qxb3 24. Nd4 Qd3 25. Qb2 {[%emt 0:00:53][%mdl 1024] White has compensation.} Bc8 26. Rc7 b6 (26... Qa6 $11) 27. Rac1 $36 {[%emt 0:02:04][%mdl 2048] White is pushing. White is much more active. The black rooks are passive.} Bd7 {[%emt 0:00:38] [#]} 28. e4 $1 Rfe8 (28... dxe4 $2 29. Bf1 $18) 29. exd5 {[%emt 0:01:54][%csl Od5] White has a strong passed pawn} Rac8 (29... a6 $142) 30. d6 $16 (30. Rxa7 $2 Rxc1+ 31. Qxc1 Qxd4 $19) 30... Rcd8 31. Rxa7 Be6 32. Nb5 (32. Qxb6 $18 Bd5 33. Bxd5 Nxd5 34. Qc5) 32... Bd5 (32... Rf8 $16) 33. Bxd5 $18 Qxd5 34. Nc7 {[%emt 0:00:25][%csl LRb6,LRd5,LRe8] The board is on fire.} Qe5 35. Qxe5 (35. Qxb6 Rxd6 36. Qb7 Red8 $15) 35... Rxe5 36. Rd1 Rd7 37. a4 g6 (37... Re4 $16 38. f3 Rc4) 38. Rb7 Ra5 (38... Re4 {was necessary.} 39. Kg2 (39. Rxb6 Rxa4 40. Na6 Rc4 $18) (39. Nd5 Rxd6 40. Ne7+ Rxe7 $11) 39... Rd8) 39. Rd4 ({Weaker is} 39. Rxb6 Rxa4 40. Na6 Rc4 $18) 39... Rc5 40. Rxb6 Kg7 41. Rb2 Rc6 42. Nb5 Rb7 $2 {[%emt 0:00:26] [#]} (42... Kf8 43. Rb3 Ne8) 43. Kg2 {[%emt 0:00:35] Ra2 would now be deadly.} Nd7 $2 (43... Rd7 44. Rbd2 Ne8) 44. Re2 {[%emt 0:00:12] White is clearly winning.} Nf6 45. Nc7 Kf8 46. a5 {[%emt 0:00:00] Weighted Error Value: White=0.15 (very precise) /Black=0.34  Mistake:       	White=1     	Black=7      Inaccurate:     	---       	Black=1      OK:         	White=13    	Black=10     Best:        	White=4     	---} (46. d7 Nxd7 47. Rxd7 Rcxc7 48. Rxc7 Rxc7 $16) 1-0

[Event "EICC 2025"]
[Site "Eforie-Nord"]
[Date "2025.03.17"]
[Round "3.2"]
[White "Vogel, Roven"]
[Black "Van Foreest, Jorden"]
[Result "0-1"]
[Annotator "TA"]
[ECO "D12"]
[WhiteElo "2552"]
[BlackElo "2676"]
[PlyCount "94"]
[EventDate "2025.03.14"]
[EventType "swiss"]
[EventCountry "ROU"]
[SourceTitle "playchess.com"]
[Source "ChessBase"]
[SourceQuality "1"]
[TimeControl "40/5400+30:1800+30"]

1. d4 d5 2. c4 c6 3. Nf3 Nf6 4. e3 Bf5 5. Nc3 e6 6. Nh4 Bg6 7. Qb3 {[%emt 0:00:40] D12: Slav Defence: 3 Nf3 Nf6 4 e3 Bf5.} Qc7 {[%emt 0:00:31] The main line 7...Qc7 scores better than 7...Qb6.} 8. Bd2 Be7 9. Rc1 {[%emt 0:02:49] White has an edge.} Qb6 10. Nxg6 hxg6 11. Be2 g5 $5 $146 {[%emt 0:05:11][%mdl 8] New and interesting.} (11... Nbd7 12. Na4 Qxb3 13. axb3 Ne4 14. Bc3 Nxc3 15. bxc3 dxc4 16. bxc4 c5 17. Bf3 Rb8 {½-½ Lorparizangeneh,S (2502)-Sjugirov,S (2696) Titled Tuesday intern op 03rd May Early blitz 2022 (9)}) 12. Qxb6 axb6 13. f3 dxc4 14. Bxc4 b5 15. Bb3 {[%emt 0:00:45] Not much happening anymore} g4 16. Ke2 b4 17. Nd1 gxf3+ 18. gxf3 Ra5 19. Nf2 Rah5 20. h3 Nbd7 21. Rcg1 g6 22. Rg2 Nd5 23. Nd3 Rxh3 24. Rxh3 Rxh3 25. e4 Nc7 26. Nxb4 e5 (26... Nb5 $5 27. Nc2 $8 e5 $15) 27. dxe5 Nxe5 {[%emt 0:00:31][%cal Oc7b5] Black converts the advantage convincingly.} 28. f4 Bxb4 29. Bxb4 Nd3 30. Bd2 Nb5 $1 {[%emt 0:00:34] Black is more active.} 31. Be3 {[%emt 0:02:16] Repels Nd4+} (31. Kf1 $17) 31... Nxb2 $19 32. f5 Nc3+ 33. Kd2 Nxe4+ {[%emt 0:00:15] A dynamic duo of knights.} 34. Kc2 Rxe3 35. fxg6 {[%emt 0:00:06] [#]} fxg6 36. Kxb2 {[%emt 0:00:10][%mdl 4096] Endgame KRB-KRN. Black is two pawns up.} Ng3 37. Kc1 Kf8 38. Kd2 Rf3 39. Bd1 (39. Bc2 {was worth a try.}) 39... Ne4+ 40. Kc1 Rf1 41. Rxg6 $2 (41. Kc2) 41... Nc3 42. Rd6 {[%emt 0:00:04] [#]} (42. Kc2 $19 Nxd1 43. Rg3) 42... Ke7 (42... Nxa2+ $2 43. Kb2 Rf2+ 44. Kb3 $17) (42... Rxd1+ $142 43. Rxd1 Nxd1 (43... Nxa2+ 44. Kb2 $11) 44. Kxd1 Ke7 45. Kd2 Kd6 46. Kc2 c5 47. Kc3 Kd5 48. a3 c4 49. a4 b6 50. Kb4 Kd4 51. a5 bxa5+ 52. Ka4 c3 53. Kb3 Kd3 54. Ka4 c2 55. Kb5 c1=Q (55... c1=B 56. Kxa5 $11) 56. Kb6 a4 57. Kb5 a3 58. Kb6 a2 59. Kb5 a1=Q (59... a1=B {gets mated.} 60. Kb6 Qc8 61. Kb5 Kc3 62. Kb6 Kb4 63. Ka7 Bd4#) 60. Kb6 Qab2+ 61. Ka7 Qca1#) 43. Rd3 Rxd1+ {[%emt 0:04:50] Black mates.} (43... Nxa2+ $2 44. Kb2 $19) 44. Rxd1 Nxd1 ({Not} 44... Nxa2+ 45. Kd2 $11) 45. Kxd1 Kd6 46. Kd2 Kd5 47. Kd3 c5 {[%emt 0:17:16] Weighted Error Value: White=0.50/Black=0.24 (precise)   Mistake:       	White=4     	Black=1      Inaccurate:     	White=7     	Black=2      OK:         	White=8     	Black=14     Best:        	White=2     	Black=2      Strong:       	---       	Black=1} 0-1

[Event "EICC 2025"]
[Site "Eforie-Nord"]
[Date "2025.03.17"]
[Round "3.2"]
[White "Saraci, Nderim"]
[Black "Kozak, Adam"]
[Result "1/2-1/2"]
[Annotator "TA"]
[ECO "C47"]
[WhiteElo "2439"]
[BlackElo "2601"]
[PlyCount "56"]
[EventDate "2025.03.14"]
[EventType "swiss"]
[EventCountry "ROU"]
[SourceTitle "playchess.com"]
[Source "ChessBase"]
[SourceQuality "1"]
[TimeControl "40/5400+30:1800+30"]

1. e4 e5 2. Nf3 Nc6 3. Nc3 Nf6 4. d4 exd4 5. Nxd4 Bc5 6. Be3 Bb6 7. Qd2 $1 {[%emt 0:06:04][%mdl 4] is more profitable than 7.Nxc6 at the moment. C47: Scotch Four Knights and Four Knights with 4 g3.} Ng4 8. Nxc6 bxc6 9. Bd4 {[%emt 0:02:23] White is slightly better. has lost popularity (9.Bxb6).} d6 10. O-O-O (10. Bxg7 Bxf2+ 11. Ke2 Rg8 $17) 10... O-O 11. h3 Nf6 12. g4 $146 (12. Bc4 Be6 13. Bb3 Ba5 14. Qg5 Bb6 15. e5 Nd5 16. Qxd8 Rfxd8 17. Nxd5 cxd5 18. Bxb6 axb6 19. Bxd5 Bxd5 20. Rxd5 Rxa2 {½-½ Stevic,H (2607)-Saric,I (2650) CRO Cup Mali Losinj 2016 (5.11)}) 12... Nd7 13. Bg2 Bb7 14. f4 c5 15. Be3 Ba5 16. Rhg1 Qc8 17. Qe1 Re8 18. Bd2 Nb6 19. b3 {[%emt 0:01:53] [#]} c4 (19... Bb4 $1 $17) 20. Qg3 (20. f5 $11) 20... cxb3 21. cxb3 Bxc3 22. Bxc3 Bxe4 23. f5 Qd7 24. Rge1 Bxg2 25. Qxg2 c6 26. Qd2 Nd5 27. f6 $1 {[%emt 0:00:15][%cal Od2g5] [#] Threatening mate with Qg5!.} Nxf6 {[%emt 0:02:26] And now ...Ne4 would win.} ({Much worse is} 27... gxf6 28. Bxf6 Nxf6 29. Qg5+ (29. Qxd6 $2 {perishes.} Qxd6 30. Rxd6 Rxe1+ $19) 29... Kf8 30. Qxf6 $14) 28. Qxd6 Qxd6 {[%emt 0:04:42] Weighted Error Value: White=0.17 (very precise) /Black=0.13 (very precise)   Mistake:       	White=1     	Black=1      Inaccurate:     	White=4     	Black=3      OK:         	White=5     	Black=6      Best:        	White=1     	Black=2      Strong:       	White=1     	---} 1/2-1/2